ACL
ACL PHILADELPHIA PHILLIES @ ACL KANSAS CITY ROYALS
05/23/2042
 
TOP OF THE 1ST
ACL Philadelphia Phillies batting - Pitching for ACL Kansas City Royals : RHP Sammy Wiley
Pitching: RHP Sammy Wiley
Batting: RHB Jon Jones 0-0: Swinging Strike
0-1: Swinging Strike
0-2: Foul Ball, location: 5DF
0-2: Ball
1-2: Strikes out looking
Batting: RHB Jim Boggs 0-0: Ball
1-0: Swinging Strike
1-1: Foul Ball, location: 2F
1-2: Foul Ball, location: 3FF
1-2: Foul Ball, location: 2F
1-2: Foul Ball, location: 5FF
1-2: Strikes out swinging
Batting: RHB Jim Cintrón 0-0: Called Strike
0-1: Foul Ball, location: 2F
0-2: Foul Ball, location: 2LF
0-2: Foul Ball, location: 2F
0-2: Strikes out swinging
Top of the 1st over - 0 runs, 0 hits, 0 errors, 0 left on base; ACL Philadelphia 0 - ACL Kansas City 0
BOTTOM OF THE 1ST
ACL Kansas City Royals batting - Pitching for ACL Philadelphia Phillies : RHP Jared Johnson
Pitching: RHP Jared Johnson
Batting: RHB Tacito Lombardo 0-0: Swinging Strike
0-1: Swinging Strike
0-2: Foul Ball, location: 9LDF
0-2: Strikes out swinging
Batting: RHB Mike Pruitt 0-0: Fly out, F9 (Flyball, 9, EV 86.3 MPH)
Batting: RHB Dave Hewitt 0-0: Ball
1-0: Ball
2-0: Ball
3-0: Called Strike
3-1: Called Strike
3-2: Fly out, F9 (Flyball, 9S, EV 78.8 MPH)
Bottom of the 1st over - 0 runs, 0 hits, 0 errors, 0 left on base; ACL Philadelphia 0 - ACL Kansas City 0
TOP OF THE 2ND
ACL Philadelphia Phillies batting - Pitching for ACL Kansas City Royals : RHP Sammy Wiley
Batting: RHB Jim Unknown 0-0: Called Strike
0-1: Ground out 6-3 (Groundball, 6, EV 81.9 MPH)
Batting: RHB Stan Hickman 0-0: Foul Ball, location: 2F
0-1: Swinging Strike
0-2: Ball
1-2: Foul Ball, location: 9LDF
1-2: Strikes out looking
Batting: RHB Steve Zimmerman 0-0: Foul Ball, location: 9LMF
0-1: Foul Ball, location: 2F
0-2: Ball
1-2: Ball
2-2: Strikes out swinging
Top of the 2nd over - 0 runs, 0 hits, 0 errors, 0 left on base; ACL Philadelphia 0 - ACL Kansas City 0
BOTTOM OF THE 2ND
ACL Kansas City Royals batting - Pitching for ACL Philadelphia Phillies : RHP Jared Johnson
Batting: LHB Cal Miner 0-0: Bunt missed!
0-1: Swinging Strike
0-2: Strikes out swinging
Batting: RHB Jermaine Sullivan 0-0: Fly out, F5 (Popup, 5F, EV 60.6 MPH)
Batting: LHB Abdul-Jalil bin Hilel 0-0: Ball
1-0: Called Strike
1-1: Swinging Strike
1-2: Ball
2-2: Foul Ball, location: 2F
2-2: Ball
3-2: Foul Ball, location: 25FF
3-2: Foul Ball, location: 7LDF
3-2: Strikes out swinging
Bottom of the 2nd over - 0 runs, 0 hits, 0 errors, 0 left on base; ACL Philadelphia 0 - ACL Kansas City 0
TOP OF THE 3RD
ACL Philadelphia Phillies batting - Pitching for ACL Kansas City Royals : RHP Sammy Wiley
Batting: RHB Jim Unknown 0-0: Ball
1-0: Called Strike
1-1: Called Strike
1-2: Ball
2-2: Ball
3-2: Strikes out looking
Batting: LHB Jim Unknown 0-0: Ball
1-0: Ball
2-0: Swinging Strike
2-1: Ground out U3 (Groundball, 3, EV 83.1 MPH)
Batting: LHB Jim Unknown 0-0: Ball
1-0: Ball
2-0: Called Strike
2-1: Foul Ball, location: 7LMF
2-2: Fly out, F9 (Flyball, 9LM, EV 95.6 MPH)
Top of the 3rd over - 0 runs, 0 hits, 0 errors, 0 left on base; ACL Philadelphia 0 - ACL Kansas City 0
BOTTOM OF THE 3RD
ACL Kansas City Royals batting - Pitching for ACL Philadelphia Phillies : RHP Jared Johnson
Batting: RHB Rob Shelton 0-0: Ball
1-0: Called Strike
1-1: Foul Ball, location: 7LMF
1-2: Ball
2-2: Strikes out swinging
Batting: RHB Jon Ramey 0-0: Called Strike
0-1: Foul Ball, location: 9LSF
0-2: Strikes out swinging
Batting: LHB Sammy Cervantes 0-0: Foul Ball, location: 3F
0-1: Called Strike
0-2: Ball
1-2: Foul Ball, location: 2F
1-2: Ball
2-2: Strikes out looking
Bottom of the 3rd over - 0 runs, 0 hits, 0 errors, 0 left on base; ACL Philadelphia 0 - ACL Kansas City 0
TOP OF THE 4TH
ACL Philadelphia Phillies batting - Pitching for ACL Kansas City Royals : RHP Sammy Wiley
Batting: RHB Jon Jones 0-0: Called Strike
0-1: Foul Ball, location: 2F
0-2: Strikes out swinging
Batting: RHB Jim Boggs 0-0: Ball
1-0: Foul Ball, location: 9LDF
1-1: Foul Ball, location: 2F
1-2: Strikes out swinging
Batting: RHB Jim Cintrón 0-0: Ground out 4-3 (Groundball, 34, EV 110.0 MPH)
Top of the 4th over - 0 runs, 0 hits, 0 errors, 0 left on base; ACL Philadelphia 0 - ACL Kansas City 0
BOTTOM OF THE 4TH
ACL Kansas City Royals batting - Pitching for ACL Philadelphia Phillies : RHP Jared Johnson
Batting: RHB Tacito Lombardo 0-0: Ball
1-0: SINGLE (Line Drive, 78S, EV 88.8 MPH)
Batting: RHB Mike Pruitt 0-0: Sac Bunt to 13S - play at first, batter OUT! 1-3
Tacito Lombardo to second
Batting: RHB Dave Hewitt 0-0: Called Strike
0-1: Foul Ball, location: 5DF
0-2: Foul Ball, location: 9LSF
0-2: Ball
1-2: Ball
2-2: SINGLE (Flyball, 78S, EV 92.5 MPH)
Tacito Lombardo to third
Batting: LHB Cal Miner 0-0: Foul Ball, location: 2LF
0-1: Ball
1-1: Foul Ball, location: 25F
1-2: Strikes out looking
Batting: RHB Jermaine Sullivan 0-0: Ball
1-0: Swinging Strike
1-1: Called Strike
1-2: Strikes out swinging
Bottom of the 4th over - 0 runs, 2 hits, 0 errors, 2 left on base; ACL Philadelphia 0 - ACL Kansas City 0
TOP OF THE 5TH
ACL Philadelphia Phillies batting - Pitching for ACL Kansas City Royals : RHP Sammy Wiley
Batting: RHB Jim Unknown 0-0: Foul Ball, location: 9LMF
0-1: Called Strike
0-2: Strikes out swinging
Batting: RHB Stan Hickman 0-0: Foul Ball, location: 23F
0-1: Ball
1-1: Ball
2-1: Foul Ball, location: 2F
2-2: Strikes out swinging
Batting: RHB Steve Zimmerman 0-0: Ball
1-0: Swinging Strike
1-1: Ball
2-1: Ground out 5-3 (Groundball, 56S, EV 66.9 MPH)
Top of the 5th over - 0 runs, 0 hits, 0 errors, 0 left on base; ACL Philadelphia 0 - ACL Kansas City 0
BOTTOM OF THE 5TH
ACL Kansas City Royals batting - Pitching for ACL Philadelphia Phillies : RHP Jared Johnson
Batting: LHB Abdul-Jalil bin Hilel 0-0: Called Strike
0-1: Fly out, F4 (Popup, 4M, EV 60.0 MPH)
Batting: RHB Rob Shelton 0-0: Called Strike
0-1: Ball
1-1: Foul Ball, location: 5F
1-2: Ground out 4-3 (Groundball, 4, EV 92.5 MPH)
Batting: RHB Jon Ramey 0-0: Ball
1-0: Ball
2-0: Ball
3-0: Base on Balls
Batting: LHB Sammy Cervantes 0-0: Foul Ball, location: 2F
0-1: SINGLE (Groundball, 3D, EV 104.4 MPH)
Jon Ramey to second
Runner from 2nd tries for 3rd, SAFE, throw by RF made to third
Batting: RHB Tacito Lombardo 0-0: Ball
1-0: Ground out 5-3 (Groundball, 56S, EV 91.3 MPH)
Bottom of the 5th over - 0 runs, 1 hit, 0 errors, 2 left on base; ACL Philadelphia 0 - ACL Kansas City 0
TOP OF THE 6TH
ACL Philadelphia Phillies batting - Pitching for ACL Kansas City Royals : RHP Sammy Wiley
Batting: RHB Jim Unknown 0-0: Ball
1-0: Called Strike
1-1: Foul Ball, location: 2F
1-2: Strikes out swinging
Batting: LHB Jim Unknown 0-0: Called Strike
0-1: Foul Ball, location: 2F
0-2: Ball
1-2: Foul Ball, location: 9LMF
1-2: Ball
2-2: Strikes out swinging, 2-3 out at first.
Batting: LHB Jim Unknown 0-0: Fly out, F9 (Flyball, 89M, EV 97.5 MPH)
Top of the 6th over - 0 runs, 0 hits, 0 errors, 0 left on base; ACL Philadelphia 0 - ACL Kansas City 0
BOTTOM OF THE 6TH
ACL Kansas City Royals batting - Pitching for ACL Philadelphia Phillies : RHP Jared Johnson
Batting: RHB Mike Pruitt 0-0: Ball
1-0: Called Strike
1-1: Ball
2-1: Called Strike
2-2: Hit by Pitch
Batting: RHB Dave Hewitt 0-0: Ball
1-0: Called Strike
1-1: Ball
2-1: Ball
3-1: Base on Balls
Mike Pruitt to second
Pitching: LHP Jim Castro
Pinch Hitting: RHB José Solíz 0-0: Ball
1-0: Foul Ball, location: 9LMF
1-1: Ball
2-1: DOUBLE (Flyball, 8RXD, EV 107.5 MPH)
Mike Pruitt scores
Dave Hewitt to third
Batting: RHB Jermaine Sullivan 0-0: Ball
1-0: Ball
2-0: Swinging Strike
2-1: Foul Ball, location: 9LDF
2-2: Strikes out swinging
Batting: LHB Abdul-Jalil bin Hilel 0-0: Called Strike
0-1: Swinging Strike
0-2: Ball
1-2: Strikes out swinging
Batting: RHB Rob Shelton 0-0: Called Strike
0-1: Swinging Strike
0-2: Ball
1-2: Strikes out swinging
Bottom of the 6th over - 1 run, 1 hit, 0 errors, 2 left on base; ACL Philadelphia 0 - ACL Kansas City 1
TOP OF THE 7TH
ACL Philadelphia Phillies batting - Pitching for ACL Kansas City Royals : RHP Sammy Wiley
Now in CF: Andy Lyons
Batting: RHB Jon Jones 0-0: Ball
1-0: Foul Ball, location: 5FF
1-1: SOLO HOME RUN (Flyball, 7D, EV 103.1 MPH), Distance : 378 ft
Batting: RHB Jim Boggs 0-0: Called Strike
0-1: Swinging Strike
0-2: Strikes out swinging, 2-3 out at first.
Batting: RHB Jim Cintrón 0-0: Foul Ball, location: 9LMF
0-1: Foul Ball, location: 2F
0-2: Ball
1-2: Strikes out swinging
Batting: RHB Jim Unknown 0-0: Called Strike
0-1: Ball
1-1: Foul Ball, location: 2F
1-2: Ball
2-2: Strikes out swinging
Top of the 7th over - 1 run, 1 hit, 0 errors, 0 left on base; ACL Philadelphia 1 - ACL Kansas City 1
BOTTOM OF THE 7TH
ACL Kansas City Royals batting - Pitching for ACL Philadelphia Phillies : LHP Jim Castro
Batting: RHB Jon Ramey 0-0: Ball
1-0: Ground out 5-3 (Groundball, 56, EV 101.3 MPH)
Batting: LHB Sammy Cervantes 0-0: Foul Ball, location: 7LSF
0-1: Ball
1-1: Ball
2-1: Ball
3-1: Called Strike
3-2: Foul Ball, location: 23F
3-2: Foul Ball, location: 25F
3-2: Strikes out swinging
Batting: RHB Tacito Lombardo 0-0: Called Strike
0-1: Ball
1-1: Called Strike
1-2: Ball
2-2: Strikes out swinging
Bottom of the 7th over - 0 runs, 0 hits, 0 errors, 0 left on base; ACL Philadelphia 1 - ACL Kansas City 1
TOP OF THE 8TH
ACL Philadelphia Phillies batting - Pitching for ACL Kansas City Royals : RHP Sammy Wiley
Batting: RHB Stan Hickman 0-0: Called Strike
0-1: Ball
1-1: Called Strike
1-2: Ground out 5-3 (Groundball, 56S, EV 88.1 MPH)
Batting: RHB Steve Zimmerman 0-0: Foul Ball, location: 2LF
0-1: Called Strike
0-2: Strikes out looking
Batting: RHB Jim Unknown 0-0: Ball
1-0: Hit by Pitch
Batting: LHB Jim Unknown 0-0: Called Strike
0-1: Swinging Strike
0-2: Ball
1-2: Foul Ball, location: 2F
1-2: Strikes out swinging, 2-3 out at first.
Top of the 8th over - 0 runs, 0 hits, 0 errors, 1 left on base; ACL Philadelphia 1 - ACL Kansas City 1
BOTTOM OF THE 8TH
ACL Kansas City Royals batting - Pitching for ACL Philadelphia Phillies : LHP Jim Castro
Pitching: RHP Raimondo Baldato
Pinch Hitting: RHB Tony Nieto 0-0: Ball
1-0: Called Strike
1-1: Foul Ball, location: 23FF
1-2: Ball
2-2: Strikes out looking
Batting: RHB Dave Hewitt 0-0: Called Strike
0-1: Ball
1-1: Foul Ball, location: 7LSF
1-2: SOLO HOME RUN (Flyball, 89XD, EV 100.6 MPH), Distance : 422 ft
Batting: RHB Andy Lyons 0-0: Ball
1-0: Foul Ball, location: 5F
1-1: Foul Ball, location: 7LSFF
1-2: Ball
2-2: Ball
3-2: Strikes out swinging
Batting: RHB Jermaine Sullivan 0-0: Ball
1-0: Called Strike
1-1: Swinging Strike
1-2: Fly out, F2 (Popup, 3SF, EV 76.9 MPH)
Bottom of the 8th over - 1 run, 1 hit, 0 errors, 0 left on base; ACL Philadelphia 1 - ACL Kansas City 2
TOP OF THE 9TH
ACL Philadelphia Phillies batting - Pitching for ACL Kansas City Royals : RHP Sammy Wiley
Pitching: RHP Tony Hale
Now at 2B: Manny Castro
Now at 3B: Jesús González
Now in CF: Tony Nieto
Now in RF: Andy Lyons
Pinch Hitting: RHB Jim Unknown 0-0: Hit by Pitch
Batting: RHB Jon Jones 0-0: Called Strike
0-1: Hit by Pitch
Jim Unknown to second
Pinch Hitting: RHB Jim Unknown 0-0: Bunted foul
0-1: Bunted foul
0-2: Ball
1-2: Ball
2-2: Ball
3-2: Base on Balls
Jim Unknown to third
Jon Jones to second
Pinch Hitting: LHB Jim Unknown 0-0: Foul Ball, location: 5FF
0-1: Ball
1-1: Ball
2-1: Swinging Strike
2-2: Strikes out swinging
Batting: RHB Jim Unknown 0-0: SINGLE (Groundball, 56D, EV 94.4 MPH)
Jim Unknown scores
Jon Jones to third
Jim Unknown to second
Runner from 3rd tries for Home, SAFE, throw by LF to home
Batting: RHB Stan Hickman 0-0: Ball
1-0: Fly out, F8 (Line Drive, 8RM, EV 110.0 MPH)
Batting: RHB Steve Zimmerman 0-0: Fielders Choice at 2nd, 6-4 (Groundball, 56, EV 76.9 MPH)
Top of the 9th over - 2 runs, 1 hit, 0 errors, 2 left on base; ACL Philadelphia 3 - ACL Kansas City 2
BOTTOM OF THE 9TH
ACL Kansas City Royals batting - Pitching for ACL Philadelphia Phillies : RHP Raimondo Baldato
Pitching: RHP Sam Murphy
Now at C: Jim Unknown
Now at 1B: Jim Unknown
Now in LF: Jim Unknown
Now in CF: Juan Ruíz
Pinch Hitting: RHB Marc Picot 0-0: Ball
1-0: Ball
2-0: SINGLE (Line Drive, 6MD, EV 105.0 MPH)
Batting: SHB Manny Castro 0-0: Ball
1-0: Bunted foul
1-1: Swinging Strike
1-2: Ball
2-2: Reached on error, E5 (Groundball, 5, EV 97.5 MPH)
Marc Picot to second
Pinch Hitting: SHB Ernesto Ortíz 0-0: Sac Bunt to 23 - play at first, batter OUT! 3-4
Marc Picot to third
Manny Castro to second
Batting: RHB José Colón 0-0: Called Strike
0-1: Ball
1-1: Ball
2-1: Ball
3-1: Swinging Strike
3-2: Base on Balls
Pinch Hitting: LHB Juan Valdés 0-0: Ball
1-0: Fly out, F7 (Flyball, 78M, EV 94.4 MPH)
Runner from 3rd tags up, OUT at HOME! 7-2
Bottom of the 9th over - 0 runs, 1 hit, 1 error, 2 left on base; ACL Philadelphia 3 - ACL Kansas City 2
Friday, May 3rd , 2024 - OOTP Baseball 24.10 Build 82